 Dungeon Crawl Stone Soup version 0.11.3 (webtiles) character file.

215251 CodaKJazz the Eclecticist (level 19, -1/132 HPs)
             Began as a Sludge Elf Stalker on June 11, 2023.
             Was a Priest of Nemelex Xobeh.
             Killed by nerve-wracking pain
             ... invoked by a tormentor
              (8 damage)
             ... in the Abyss on June 14, 2023.
             The game lasted 11:22:23 (88671 turns).

CodaKJazz the Eclecticist (Sludge Elf Stalker)     Turns: 88671, Time: 11:22:23

HP  -1/132       AC  0     Str 12 (13) XL: 19   Next: 48%
MP  38/40        EV 20     Int 17      God: Nemelex Xobeh [***...]
Gold 1043        SH  0     Dex 18      Spells: 11 memorised, 12 levels left

Res.Fire  : . . .   See Invis. : .   b - melded +7,+5 scimitar of Flaming Death {flame, rP Res.Cold : . . . Warding : . p - melded +2 robe {rC+ rF+} Life Prot.: . . . Conserve : . a - melded +2 elf shield {rflct}
Res.Poison: .       Res.Corr.  : .   L - melded +0 cap of Viefitz {Dex+1 Int+4}
Res.Elec. : .       Clarity    : .   c - melded +1 elf cloak
Sust.Abil.: . .     Spirit.Shd : .   G - melded +1 pair of orc gloves
Res.Mut.  : +       Stasis     : .   n - melded +2 pair of boots "Yfeiqos" {rN+ Dam+3 SInv Res.Rott. : . Ctrl.Telep.: x R - amulet of resist mutation Saprovore : . . . Levitation : . s - melded +4 ring of protection Ctrl.Flight: . q - melded +5 ring of protection

@: pig-form, sage [Earth Magic], very quick, quite resistant to hostile
enchantments, fairly stealthy
A: no striking features
a: Draw One, Peek at Two, Triple Draw, Renounce Religion
}: 1/15 runes: abyssal


You were in the Abyss.
You worshipped Nemelex Xobeh.
Nemelex Xobeh was greatly pleased with you.
You were very hungry.
You were a filthy swine.
You visited 5 branches of the dungeon, and saw 35 of its levels.
You visited the Abyss 1 time.
You also visited: Labyrinth, Bailey and Volcano.

You collected 3556 gold pieces.
You spent 2517 gold pieces at shops.

Inventory:

Hand weapons
 b - the +7,+5 scimitar of Flaming Death (melded) {flame, rPois rF++ rC- MR}
   (You found it on level 14 of the Dungeon)

   It emits flame when wielded, causing extra injury to most foes and up to
   double damage against particularly susceptible opponents.
   Big, fiery blades are also staple armaments of hydra-hunters.
   It greatly protects you from fire.
   It makes you vulnerable to cold.
   It protects you from poison.
   It increases your resistance to enchantments.
 l - a +3,+3 elven dagger of speed
 w - a +0 blowgun
Missiles
 o - 2 throwing nets (quivered)
Armour
 a - a +2 elven shield of reflection (melded)
 c - a +1 elven cloak (melded)
 n - the +2 pair of boots "Yfeiqos" (melded) {rN+ Dam+3 SInv}
   (You found it on level 16 of the Dungeon)

   It affects your damage-dealing abilities (+3).
   It protects you from negative energy.
   It enhances your eyesight.
 p - a +2 robe of resistance (melded)
 G - a +1 pair of orcish gloves (melded)
 L - the +0 cap of Viefitz (melded) {Dex+1 Int+4}
   (You found it on level 5 of the Lair of Beasts)

   It affects your intelligence (+4).
   It affects your dexterity (+1).
Magical devices
 e - a wand of hasting (4)
 i - a wand of fire (2)
 t - a wand of cold (9)
 O - a wand of enslavement (6)
 U - a wand of paralysis (4)
Comestibles
 d - 4 bread rations
 N - 2 meat rations
Scrolls
 y - a scroll of magic mapping
 A - 2 scrolls of remove curse
 E - a scroll of fear
 J - a scroll of fog
Jewellery
 k - the amulet of Cekugob {Ward -Tele Hunger rElec rPois rN+ AC+1 EV+1}
   (You found it on level 5 of the Lair of Beasts)

   [amulet of warding]

   It affects your AC (+1).
   It affects your evasion (+1).
   It insulates you from electricity.
   It protects you from poison.
   It protects you from negative energy.
   It prevents most forms of teleportation.
   It speeds your metabolism.
 m - an uncursed amulet of the gourmand
 q - a +5 ring of protection (melded)
 r - the ring "Kog Ami" {rC+ rN+ Acc+4}
   (You bought it in a shop on level 4 of the Orcish Mines)

   [ring of life protection]

   It affects your accuracy (+4).
   It protects you from cold.
 s - a +4 ring of protection (melded)
 F - an uncursed ring of sustenance
 K - a cursed ring of protection from magic
 R - an amulet of resist mutation (around neck)
 Y - an uncursed ring of protection from fire
Potions
 h - 2 potions of brilliance
 u - a potion of cure mutation
 x - a potion of curing
 z - a potion of berserk rage
 D - 3 potions of mutation
 M - 3 potions of restore abilities
 T - a potion of might
Books
 v - a book of the Warp

   Spells                             Type                      Level
   Recall                             Summoning/Translocation      3
   *Passage of Golubria               Translocation                4
   *Phase Shift                       Translocation                5
   Warp Weapon                        Charms/Translocation         5
   Dispersal                          Translocation                6
   Controlled Blink                   Translocation                7
Miscellaneous
 g - a plain deck of escape {the Bargain, left: 1}
 B - a legendary deck of escape {the Banshee, left: 1} {god gift}
 I - a lamp of fire
 S - a disc of storms


   Skills:
 - Level 13.9 Fighting
 - Level 4.0 Short Blades
 - Level 8.0 Long Blades
 - Level 4.3 Throwing
 - Level 7.3 Dodging
 - Level 2.5 Stealth
 - Level 4.0 Stabbing
 - Level 10.2 Shields
 - Level 1.5 Traps & Doors
 - Level 6.5 Unarmed Combat
 * Level 16.5 Spellcasting
 + Level 4.5 Conjurations
 - Level 5.5 Hexes
 - Level 8.5 Translocations
 - Level 12.9 Transmutations
 + Level 6.3 Fire Magic
 + Level 12.8 Earth Magic
 - Level 12.5 Evocations


You had 12 spell levels left.
You knew the following spells:

 Your Spells              Type           Power        Failure   Level  Hunger
a - Phase Shift           Tloc           ######....   4%          5    ###....
b - Confuse               Hex            #####....    1%          3    None
c - Petrify               Trmt/Erth      #######..    1%          4    None
d - Bolt of Magma         Conj/Fire/Erth ######....   6%          5    ###....
g - Passage of Golubria   Tloc           N/A          1%          4    None
k - Blink                 Tloc           N/A          1%          2    None
p - Passwall              Trmt/Erth      #######...   1%          3    None
z - Fulsome Distillation  Trmt/Necr      N/A          1%          1    None
D - Dig                   Trmt/Erth      #######..    1%          4    None
R - Repel Missiles        Chrm/Air       ###.......   10%         2    None
S - Statue Form           Trmt/Erth      #######...   3%          6    #####..


Dungeon Overview and Level Annotations

Branches:
Dungeon (20/27)            Temple (1/1) D:4             Orc (4/4) D:6
    Elf (2/3) Orc:4          Lair (8/8) D:13          Swamp (0/5) Lair:6
 Spider (0/5) Lair:3        Slime (0/6) Lair:6       Vaults (0/8) D:18

Altars:
Ashenzari
Cheibriados
Elyvilon
Fedhas
Kikubaaqudgha
Makhleb
Nemelex Xobeh
Okawaru
Sif Muna
Trog
Vehumet
Xom
Yredelemnul
Zin
the Shining One

Shops:
D:9: ( D:13: ( D:19: ! Orc:4: ==(+

Annotations
D:16 exclusion: downstairs
D:19 1 exclusion
Lair:3 exclusions: downstairs and hydra
Lair:5 exclusion: oklob plant


Message History

The ufetubus shouts!
Use which ability? (? or * to list) Draw from which deck? (? for menu, Esc to quit)
You draw a card...
It is the Hammer.
The deck of cards disappears in a puff of smoke.
You have drawn the Hammer.
Press: ? - help, Shift-Dir - straight line, f/p - tormentor
Aim: a tormentor (moderately wounded)
The stone arrow hits the small abomination.
You destroy the small abomination!
Use which ability? (? or * to list) Draw from which deck? (? for menu, Esc to quit)
Okay, then.
Unknown command.
Evoke which item? (* to show all) (? for menu, Esc to quit)
Nothing appears to happen.
The tormentor gestures at you. Pain shoots through your body!
You die...
Your body disappears without a glow.

##≈≈≈≈≈≈....##
###≈..≈#... .
#≈≈≈2.....##
#.≈≈.....#
##.......§#
#........##
###......§###
#.......≈≈≈#≈##
###.h# ≈≈≈≈ ≈5#
#####≈≈≈≈≈ # #≈
≈≈....
#..≈..###
#....## .....
..... ... . .


You could see a tormentor.

Vanquished Creatures
  Snorg (D:19)
  A minotaur (Lab)
  4 ogre magi
  Harold (D:15)
  Josephine (D:13)
  4 dragons
  11 hydras
  An ice dragon (D:20)
  A wolf spider zombie (D:18)
  A sphinx zombie (D:16)
  A death yak (shapeshifter) (D:17)
  An orc high priest (Orc:4)
  10 centaur warriors
  A fire giant skeleton (D:14)
  A stone giant skeleton (D:17)
  A deep elf knight (Elf:1)
  A giant amoeba (D:17)
  4 unseen horrors
  4 large abominations (Abyss)
  7 orc knights
  8 hill giants
  A necromancer (Lair:7)
  2 griffons
  11 cyclopes
  A lindwurm (shapeshifter) (D:16)
  5 harpies (D:19)
  A wolf spider (shapeshifter) (D:13)
  A sixfirhy (Abyss)
  An iron troll skeleton (D:19)
  7 orc sorcerers
  9 humans
  A draconian (shapeshifter) (D:19)
  Maurice (D:9)
  4 elephant slugs
  2 dragon zombies (D:14)
  An ettin zombie (D:17)
  9 black mambas
  10 spiny frogs
  18 elephants
  3 yaktaurs (D:15)
  2 griffon skeletons
  25 slime creatures
  An ettin skeleton (D:18)
  2 orange demons (Abyss)
  A feature mimic (Lair:2)
  A rock troll (D:18)
  2 hill giant zombies
  A hellwing (Abyss)
  48 ugly things
  3 smoke demons
  Sonja (Orc:4)
  13 trolls
  13 two-headed ogres
  9 komodo dragons
  A rock troll zombie (D:19)
  4 giant leeches
  A snapping turtle zombie (Abyss)
  A red wasp simulacrum (D:13)
  3 basilisks
  A rock troll skeleton (D:19)
  17 blink frogs
  2 wyverns
  An octopode (D:14)
  2 vampires (D:16)
  5 wraiths
  3 ynoxinuls (Abyss)
  97 yaks
  A hungry ghost (D:16)
  A deep elf conjurer (Elf:1)
  6 deep elf fighters
  2 trapdoor spiders
  A clay golem (D:19)
  2 fire drakes
  13 vampire mosquitoes
  A deep elf summoner (Elf:1)
  A merfolk (D:14)
  12 war dogs
  8 hippogriffs
  A rock worm (D:17)
  6 manticores
  2 hell hounds (Lair:8)
  A manticore zombie (D:14)
  4 sky beasts
  A boulder beetle (Lair:7)
  A mottled dragon (shapeshifter) (D:16)
  2 mottled dragons
  A soldier ant (D:13)
  A cyclops zombie (D:16)
  4 small abominations (Abyss)
  A deep elf priest (Elf:1)
  A freezing wraith (D:20)
  4 cyclops skeletons
  5 ice beasts
  6 giant goldfish (D:6)
  2 yellow wasps (D:13)
  A boulder beetle zombie (D:18)
  A troll skeleton (D:18)
  19 crocodiles
  25 orc warriors
  6 phantoms
  2 boring beetles
  28 ogres
  A wandering mushroom (Lair:7)
  A hippogriff skeleton (D:14)
  19 centaurs
  3 deep elf magi
  A rotting devil (Abyss)
  2 yak skeletons
  A basilisk zombie (D:13)
  6 giant slugs
  A soldier ant zombie (D:13)
  5 wolves (Lair:8)
  41 giant frogs
  7 big kobolds
  10 wargs
  2 yaktaur simulacra
  10 agate snails
  Blork the orc (D:4)
  A basilisk skeleton (D:9)
  18 water moccasins
  4 grizzly bear simulacra (Lair:7)
  A jellyfish (Lair:8)
  18 wights
  An elf (shapeshifter) (D:15)
  12 fire bats (D:11)
  5 lava fish (Volcano)
  2 eyes of draining
  14 killer bees
  A killer bee zombie (D:14)
  A big kobold zombie (D:14)
  A shadow (D:13)
  17 hounds
  2 pulsating lumps (Lair:8)
  12 crimson imps
  5 goliath beetles
  2 big kobold skeletons
  11 electric eels
  2 lava snakes (Volcano)
  A quasit (D:10)
  5 big fish (Lair:8)
  3 iron imps (Abyss)
  A mottled dragon skeleton (D:13)
  29 orc priests
  A soldier ant simulacrum (D:14)
  9 scorpions
  8 spiders (D:13)
  A worker ant zombie (D:8)
  47 orc wizards
  4 deep elf soldiers
  10 iguanas
  13 worker ants
  13 porcupines
  26 sheep
  A worm zombie (D:5)
  2 hound simulacra (Lair:7)
  3 boggarts (D:19)
  6 jellies
  A mummy (Abyss)
  4 gnolls (D:4)
  18 adders
  61 green rats
  5 lemures (Abyss)
  An adder zombie (D:5)
  10 giant centipedes
  2 white imps (Abyss)
  A giant mite (Lair:1)
  An iguana skeleton (D:8)
  5 worms
  13 ufetubi
  4 sheep simulacra (Lair:7)
  A grey rat (D:16)
  2 giant eyeballs
  2 oozes (D:4)
  An orc (shapeshifter) (D:13)
  165 orcs
  74 bats
  11 giant cockroaches
  19 goblins
  15 hobgoblins
  46 jackals
  10 quokkas
  A giant gecko (D:2)
  A giant gecko skeleton (D:4)
  5 giant newts
  4 giant spores
  A hobgoblin skeleton (D:6)
  55 kobolds
  A kobold skeleton (D:4)
  2 orc skeletons
  2 orc zombies
  A quokka skeleton (D:9)
  31 rats
  A rat simulacrum (Lair:7)
  24 ballistomycetes
  7 fungi
  4 plants (Lair:8)
  23 toadstools
1645 creatures vanquished.

Vanquished Creatures (collateral kills)
  An Executioner (Abyss)
  A draconian scorcher (Abyss)
  Gastronok (D:13)
  A black draconian (Abyss)
  A hydra (Lair:4)
  Nessos (D:13)
  3 death yaks (Lair:7)
  Urug (D:11)
  A very ugly thing (D:13)
  Nergalle (Orc:4)
  The ghost of Sensen the Grappler, an experienced TrBe of Trog (Bailey)
  2 unseen horrors
  3 hill giants
  A centaur warrior (D:13)
  2 large abominations (Abyss)
  A death yak skeleton (Lair:7)
  A siren zombie (Abyss)
  A statue (Volcano)
  A guardian serpent (shapeshifter) (D:13)
  A cyclops (D:12)
  A black mamba (Lair:5)
  2 slime creatures (D:17)
  3 elephants
  An orange demon (Abyss)
  An efreet (D:14)
  A hill giant zombie (D:13)
  An ugly thing (D:13)
  A blink frog (Lair:5)
  4 yaks
  A ynoxinul (Abyss)
  2 deep elf fighters (Volcano)
  3 hippogriffs
  A small abomination (Abyss)
  A manticore (D:12)
  A freezing wraith (Abyss)
  A yellow wasp (Lair:7)
  A crocodile (D:14)
  2 soldier ant zombies (D:14)
  A water moccasin skeleton (D:12)
  2 insubstantial wisps
  A big kobold zombie (D:12)
  2 pulsating lumps
  An iron imp (Abyss)
  A porcupine (Lair:5)
  2 jellies
  2 lemures (Abyss)
  7 green rats
  A white imp (Abyss)
  A worm (Lair:4)
  7 ufetubi (Abyss)
  2 orcs
  A kobold (Bailey)
  2 spectral orcs (Orc:4)
  4 ballistomycetes
  A toadstool (Lair:7)
92 creatures vanquished.

Vanquished Creatures (others)
  4 very ugly things
  A skeletal warrior (Lab)
  An unseen horror (D:19)
  11 dancing weapons
  9 ugly things
  4 elephants (Lair:8)
  A spiny frog (Lair:7)
  A polar bear (Lair:8)
  10 humans (D:18)
  An elephant zombie (Lair:8)
  2 yaks
  3 hogs
  A ynoxinul (D:12)
  A neqoxec (Orc:4)
  10 war dogs
  A hippogriff (Volcano)
  2 soldier ants (Abyss)
  A small abomination (D:16)
  2 yellow wasps (Lair:7)
  A crocodile (Lair:8)
  A wolf (Lair:8)
  2 giant frogs (Lair:8)
  2 water moccasins (Lair:8)
  7 insubstantial wisps
  A killer bee (D:14)
  3 crimson imps
  A crocodile skeleton (Lair:8)
  A hound zombie (D:9)
  An iron imp (Orc:4)
  2 hounds
  An orc priest (Orc:4)
  A hound skeleton (D:9)
  A sheep (Abyss)
  An orc wizard (D:6)
  2 boggarts (D:19)
  An adder (Lair:1)
  2 green rats
  2 shadow imps
  3 lemures (Orc:4)
  A white imp (Orc:4)
  6 ufetubi
  5 orcs
  A goblin (D:5)
  2 hobgoblins (Orc:3)
  12 giant spores
  4 kobolds
  An orc skeleton (D:9)
  2 rats
  3 ballistomycetes
  13 fungi
  32 plants
  63 toadstools
247 creatures vanquished.

Grand Total: 1984 creatures vanquished

Notes
Turn   | Place    | Note
--------------------------------------------------------------
     0 | D:1      | CodaKJazz, the Sludge Elf Stalker, began the quest for the Orb.
     0 | D:1      | Reached XP level 1. HP: 13/13 MP: 1/1
    32 | D:1      | Found a sparkling altar of Nemelex Xobeh.
    49 | D:1      | Became a worshipper of Nemelex Xobeh
   340 | D:1      | Reached XP level 2. HP: 18/18 MP: 3/3
   492 | D:1      | Learned a level 2 spell: Evaporate
   861 | D:1      | Reached skill level 1 in Fire Magic
  1248 | D:1      | Reached XP level 3. HP: 23/23 MP: 4/4
  1579 | D:2      | Reached skill level 1 in Throwing
  1583 | D:2      | Received a gift from Nemelex Xobeh
  1587 | D:2      | Reached skill level 8 in Fighting
  1587 | D:2      | Reached XP level 4. HP: 25/32 MP: 6/6
  2307 | D:2      | Found a burning altar of Makhleb.
  3856 | D:4      | Reached skill level 1 in Evocations
  3856 | D:4      | Reached XP level 5. HP: 33/37 MP: 4/8
  4211 | D:4      | Reached skill level 1 in Shields
  4418 | D:4      | Acquired Nemelex Xobeh's first power
  4553 | D:4      | Learned a level 3 spell: Passwall
  4565 | D:4      | Noticed a phantom
  4616 | D:4      | Found a staircase to the Ecumenical Temple.
  4709 | D:3      | Reached XP level 6. HP: 42/44 MP: 4/9
  5228 | D:4      | Killed Blork the orc
  5255 | Temple   | Entered the Ecumenical Temple
  5675 | D:5      | Entered Level 5 of the Dungeon
  5798 | D:5      | Found an iron altar of Okawaru.
  5868 | D:4      | Found a blossoming altar of Fedhas.
  6537 | D:5      | Reached XP level 7. HP: 49/49 MP: 11/11
  7369 | D:6      | Found a snail-covered altar of Cheibriados.
  7804 | D:6      | Acquired Nemelex Xobeh's second power
  8981 | D:8      | Noticed a troll
  9240 | D:7      | Received a gift from Nemelex Xobeh
  9301 | D:7      | Reached XP level 8. HP: 55/55 MP: 12/14
  9399 | D:7      | Noticed a skeletal warrior
  9484 | D:5      | Learned a level 2 spell: Slow
  9705 | D:6      | Reached skill level 1 in Traps & Doors
 10616 | D:7      | Found a deep blue altar of Sif Muna.
 10958 | D:9      | Noticed a troll
 11359 | D:9      | Learned a level 3 spell: Confuse
 12065 | D:6      | Reached skill level 1 in Hexes
 12759 | D:6      | Learned a level 1 spell: Confusing Touch
 12902 | D:7      | Reached XP level 9. HP: 45/61 MP: 16/18
 13364 | D:8      | Found Schafeq's Food Shoppe.
 13420 | D:8      | Killed a troll
 13420 | D:8      | Reached skill level 5 in Spellcasting
 14478 | D:6      | Found a staircase to the Orcish Mines.
 15169 | D:9      | Killed a troll
 15373 | D:9      | Reached XP level 10. HP: 68/68 MP: 21/24
 15451 | D:9      | Received a gift from Nemelex Xobeh
 15790 | D:9      | Noticed Maurice
 16039 | D:8      | Reached XP level 9. HP: 46/61 MP: 15/23
 16208 | D:9      | Reached XP level 10. HP: 66/68 MP: 17/25
 16270 | D:10     | Entered Level 10 of the Dungeon
 16610 | D:10     | Reached skill level 1 in Short Blades
 17122 | D:6      | Acquired Nemelex Xobeh's third power
 17162 | D:7      | Learned a level 4 spell: Dig
 17167 | D:7      | Learned a level 4 spell: Passage of Golubria
 17174 | D:7      | Learned a level 4 spell: Petrify
 17252 | Orc:1    | Entered Level 1 of the Orcish Mines
 17404 | Orc:2    | Identified a scroll of acquirement
 17661 | Orc:4    | Entered Level 4 of the Orcish Mines
 17737 | Orc:3    | Reached skill level 1 in Earth Magic
 18286 | Orc:4    | Noticed Nergalle
 18339 | Orc:4    | Noticed Sonja
 18346 | Orc:4    | Received a gift from Nemelex Xobeh
 18350 | Orc:4    | Killed Sonja
 18398 | Orc:4    | Reached skill level 5 in Transmutations
 18818 | D:9      | Killed Maurice
 19672 | D:9      | Reached skill level 5 in Dodging
 19830 | D:9      | Acquired Nemelex Xobeh's fourth power
 19875 | D:9      | Reached skill level 9 in Fighting
 19955 | D:9      | Found Oraschat's Weapon Shoppe.
 21677 | D:10     | Noticed a hill giant
 21688 | D:10     | Killed a hill giant
 21722 | D:11     | Noticed a cyclops
 21929 | D:11     | Received a gift from Nemelex Xobeh
 22025 | D:11     | Reached XP level 11. HP: 72/74 MP: 24/28
 22832 | D:11     | Noticed Urug
 22943 | D:11     | Killed Urug
 23076 | D:11     | Paralysed by a giant eyeball for 4 turns
 23266 | D:12     | Acquired Nemelex Xobeh's fifth power
 23269 | D:12     | Noticed a hill giant
 23273 | D:12     | Received a gift from Nemelex Xobeh
 23591 | D:12     | Reached skill level 10 in Fighting
 23591 | D:12     | Reached skill level 5 in Evocations
 23872 | D:12     | Noticed a hill giant
 23885 | D:12     | Killed a hill giant
 24427 | D:12     | Reached skill level 5 in Shields
 24516 | D:12     | Received a gift from Nemelex Xobeh
 25406 | D:11     | Found a bloodstained altar of Trog.
 26106 | Orc:4    | Reached skill level 1 in Translocations
 26612 | Orc:4    | Killed Nergalle
 26720 | Orc:4    | Received a gift from Nemelex Xobeh
 26773 | Orc:4    | Found a staircase to the Elven Halls.
 28167 | Orc:4    | Noticed an orc high priest
 28361 | Orc:1    | Received a gift from Nemelex Xobeh
 28587 | D:8      | Bought an apple for 8 gold pieces
 28587 | D:8      | Bought a meat ration for 44 gold pieces
 28587 | D:8      | Bought a bread ration for 44 gold pieces
 28587 | D:8      | Bought a choko for 4 gold pieces
 28587 | D:8      | Bought a meat ration for 44 gold pieces
 28587 | D:8      | Bought a meat ration for 44 gold pieces
 28587 | D:8      | Bought an apple for 8 gold pieces
 28587 | D:8      | Bought a snozzcumber for 4 gold pieces
 28587 | D:8      | Bought a meat ration for 44 gold pieces
 28922 | Orc:4    | Noticed an orc sorcerer
 28941 | Orc:4    | Killed an orc sorcerer
 29422 | Orc:4    | Reached XP level 12. HP: 81/81 MP: 26/29
 29544 | Orc:4    | Noticed an orc sorcerer
 29555 | Orc:4    | Noticed an orc sorcerer
 29734 | Orc:4    | Killed an orc sorcerer
 29987 | Orc:4    | Paralysed by an orc sorcerer for 7 turns
 29992 | Orc:4    | Reached XP level 11. HP: 74/74 MP: 22/28
 30134 | Orc:4    | Killed an orc sorcerer
 30248 | Orc:4    | Received a gift from Nemelex Xobeh
 30313 | Orc:4    | Noticed an orc sorcerer
 30330 | Orc:4    | Noticed a sun demon
 30335 | Orc:4    | Noticed a sun demon
 30545 | D:6      | Reached XP level 12. HP: 74/81 MP: 24/29
 30655 | D:6      | Paralysed by a giant eyeball for 3 turns
 30662 | D:6      | Paralysed by a giant eyeball for 2 turns
 30892 | D:11     | Killed a cyclops
 31191 | D:11     | Found an iron altar of Okawaru.
 31368 | D:11     | Found a shimmering altar of Xom.
 31443 | D:11     | Found a bloodstained altar of Trog.
 31493 | D:11     | Found a white marble altar of Elyvilon.
 31559 | D:11     | Found a shattered altar of Ashenzari.
 31726 | D:11     | Reached skill level 5 in Translocations
 31881 | D:11     | Received a gift from Nemelex Xobeh
 32735 | D:12     | Killed a hill giant
 32735 | D:12     | Reached skill level 5 in Hexes
 32838 | D:13     | Noticed Gastronok
 32841 | D:13     | Noticed Nessos
 33999 | Orc:4    | Found Anudwu's Jewellery Shop.
 33999 | Orc:4    | Found Fuliedus' Antique Weapon Boutique.
 34038 | Orc:4    | Killed an orc sorcerer
 34205 | Orc:4    | Found Skiezaxa's Book Boutique.
 34207 | Orc:4    | Noticed an orc sorcerer
 34216 | Orc:4    | Killed an orc sorcerer
 34248 | Orc:4    | Found Klaapp's Jewellery Shop.
 34254 | Orc:4    | Bought a +4 ring of protection for 468 gold pieces
 34258 | Orc:4    | Bought a book of Minor Magic for 300 gold pieces
 34262 | Orc:4    | Learned a level 2 spell: Blink
 34471 | Orc:4    | Killed an orc high priest
 34518 | Orc:4    | Received a gift from Nemelex Xobeh
 34839 | Orc:4    | Bought an uncursed ring of sustenance for 245 gold pieces
 36376 | D:13     | Noticed a centaur warrior
 36404 | D:13     | Noticed a centaur warrior
 36407 | D:13     | Noticed a brown very ugly thing
 36414 | D:13     | Killed a centaur warrior
 36418 | D:13     | Killed Nessos
 36418 | D:13     | Reached skill level 10 in Shields
 36424 | D:13     | Killed a brown very ugly thing
 36886 | D:13     | Noticed Josephine
 37053 | D:13     | Killed Josephine
 37302 | D:13     | Received a gift from Nemelex Xobeh
 37316 | D:13     | Killed Gastronok
 37316 | D:13     | Reached skill level 10 in Spellcasting
 37333 | D:13     | Killed a centaur warrior
 37628 | D:13     | Noticed a centaur warrior
 38004 | D:13     | Found Igahauj's Antique Weapon Boutique.
 38273 | D:13     | Found a staircase to the Lair.
 38386 | D:13     | Learned a level 5 spell: Phase Shift
 38390 | Lair:1   | Entered Level 1 of the Lair of Beasts
 38409 | Lair:1   | Noticed a seven-headed hydra
 39466 | Lair:2   | Received a gift from Nemelex Xobeh
 39473 | Lair:2   | Reached XP level 13. HP: 86/88 MP: 14/31
 40157 | D:13     | Noticed a seven-headed hydra
 40208 | D:13     | Killed a seven-headed hydra
 40275 | Lair:1   | Killed a seven-headed hydra
 40536 | Lair:1   | Reached skill level 5 in Earth Magic
 40675 | Lair:1   | Received a gift from Nemelex Xobeh
 41202 | D:13     | Killed a centaur warrior
 42239 | Lair:2   | Received a gift from Nemelex Xobeh
 42421 | Lair:2   | Noticed an eight-headed hydra
 42771 | Lair:3   | Found a hole to the Spider Nest.
 43175 | Lair:2   | Reached skill level 11 in Spellcasting
 43800 | Lair:3   | Noticed an eight-headed hydra
 44827 | Lair:4   | Noticed a four-headed hydra
 46004 | Lair:5   | Found a labyrinth entrance.
 46039 | Lair:4   | Received a gift from Nemelex Xobeh
 46045 | Lair:4   | Killed a six-headed hydra
 46498 | Lab      | Entered a labyrinth
 47898 | Lab      | Noticed a minotaur
 47950 | Lab      | Killed a minotaur
 47960 | Lab      | Got a sparkling jade ring
 48010 | Lab      | Received a gift from Nemelex Xobeh
 49275 | Lair:4   | Noticed an eight-headed hydra
 49304 | Lair:4   | Killed an eight-headed hydra
 49750 | Lair:5   | Reached skill level 10 in Evocations
 49955 | Lair:5   | Got a brightly glowing cap
 49958 | Lair:5   | Identified the +0 cap of Viefitz (You found it on level 5 of the Lair of Beasts)
 50301 | Lair:6   | Found a staircase to the Slime Pits.
 50695 | Lair:5   | Noticed a seven-headed hydra
 50718 | Lair:5   | Received a gift from Nemelex Xobeh
 50721 | Lair:5   | Killed a seven-headed hydra
 51015 | Lair:5   | Found a white marble altar of Elyvilon.
 51170 | Lair:6   | Found a staircase to the Swamp.
 51441 | Lair:6   | Reached XP level 14. HP: 82/94 MP: 33/33
 51873 | Lair:2   | Killed an eight-headed hydra
 52417 | D:13     | Identified the ring of Preragia (You found it in a labyrinth)
 54064 | Lair:1   | Learned a level 6 spell: Statue Form
 55494 | Lair:8   | Entered Level 8 of the Lair of Beasts
 55664 | Lair:8   | Found a dark tunnel.
 55678 | Volcano  | Entered a volcano
 56055 | Volcano  | Reached skill level 12 in Evocations
 56107 | Volcano  | Found a burning altar of Makhleb.
 56147 | Volcano  | Received a gift from Nemelex Xobeh
 57086 | Lair:8   | Reached skill level 10 in Transmutations
 57263 | Lair:8   | Received a gift from Nemelex Xobeh
 57439 | Lair:8   | Received a gift from Nemelex Xobeh
 57492 | Lair:8   | Received a gift from Nemelex Xobeh
 62397 | Lair:8   | Reached skill level 10 in Earth Magic
 62893 | Lair:8   | Reached XP level 15. HP: 84/100 MP: 2/34
 63532 | Lair:8   | Received a gift from Nemelex Xobeh
 63664 | Lair:7   | Received a gift from Nemelex Xobeh
 63952 | Lair:8   | Received a gift from Nemelex Xobeh
 65127 | D:13     | Received a gift from Nemelex Xobeh
 65284 | D:14     | Entered Level 14 of the Dungeon
 65636 | D:14     | Received a gift from Nemelex Xobeh
 66584 | D:15     | Entered Level 15 of the Dungeon
 66762 | D:14     | Received a gift from Nemelex Xobeh
 67771 | D:14     | Reached skill level 13 in Spellcasting
 68143 | D:15     | Found Vumata's Food Boutique.
 68151 | D:15     | Bought a bread ration for 44 gold pieces
 68151 | D:15     | Bought a beef jerky for 19 gold pieces
 68151 | D:15     | Bought an apple for 8 gold pieces
 68151 | D:15     | Bought a bread ration for 44 gold pieces
 68151 | D:15     | Bought a meat ration for 44 gold pieces
 68151 | D:15     | Bought a meat ration for 44 gold pieces
 68151 | D:15     | Bought a meat ration for 44 gold pieces
 68474 | D:13     | Learned a level 2 spell: Repel Missiles
 68582 | D:15     | Found a shimmering altar of Xom.
 69279 | D:14     | Received a gift from Nemelex Xobeh
 69895 | D:14     | Reached skill level 14 in Spellcasting
 70405 | D:14     | Got a pair of warped boots
 70408 | D:14     | Identified the +0 pair of boots of Oblivion (You found it on level 14 of the Dungeon)
 72257 | D:14     | Received a gift from Nemelex Xobeh
 72455 | D:16     | Reached skill level 15 in Spellcasting
 72535 | D:16     | Found a flagged portal.
 72572 | Bailey   | Entered a bailey
 72577 | Bailey   | Noticed Sensen's ghost (experienced TrBe)
 72593 | Bailey   | Killed Sensen's ghost
 72593 | Bailey   | Reached skill level 1 in Unarmed Combat
 72705 | Bailey   | Found an iron altar of Okawaru.
 73154 | D:16     | Got a pair of jewelled boots
 73206 | D:16     | Reached XP level 16. HP: 93/107 MP: 31/37
 73420 | D:16     | Reached XP level 15. HP: 77/100 MP: 34/36
 73844 | D:15     | Noticed Harold
 73854 | D:15     | Received a gift from Nemelex Xobeh
 73884 | D:14     | Identified the +2 pair of boots "Yfeiqos" (You found it on level 16 of the Dungeon)
 74033 | D:15     | Killed Harold
 74119 | D:15     | Reached XP level 16. HP: 108/108 MP: 32/37
 76155 | D:17     | Received a gift from Nemelex Xobeh
 76183 | D:17     | Reached skill level 16 in Spellcasting
 76202 | D:17     | Reached skill level 5 in Unarmed Combat
 77060 | Orc:4    | Bought an uncursed amulet of the gourmand for 420 gold pieces
 77065 | Orc:4    | Bought the ring "Kog Ami" {rC+ rN+ Acc+4} for 593 gold pieces
 77141 | Elf:1    | Entered Level 1 of the Elven Halls
 78820 | D:17     | Reached skill level 1 in Long Blades
 79715 | D:13     | Learned a level 5 spell: Bolt of Magma
 79723 | D:13     | Received a gift from Nemelex Xobeh
 80360 | D:16     | Received a gift from Nemelex Xobeh
 80604 | D:16     | Reached skill level 5 in Long Blades
 80670 | D:16     | Got a fine scale mail
 80681 | D:16     | Identified the cursed -2 scale mail of Demons (You found it on level 16 of the Dungeon)
 81330 | D:17     | Received a gift from Nemelex Xobeh
 81339 | D:17     | Reached skill level 1 in Conjurations
 81854 | D:18     | Found a staircase to the Vaults.
 82117 | D:17     | Reached XP level 17. HP: 110/113 MP: 39/39
 83266 | D:17     | Received a gift from Nemelex Xobeh
 84788 | D:18     | Got a pitted golden ring
 85251 | D:18     | Reached skill level 5 in Fire Magic
 85376 | D:19     | Noticed Snorg
 85433 | D:19     | Killed Snorg
 85804 | D:19     | Identified the ring "Gotoashro" {Str+1 Int-1} (You found it on level 18 of the Dungeon)
 86177 | D:19     | Received a gift from Nemelex Xobeh
 86493 | D:19     | Found Tweal's Distillery.
 86571 | D:20     | Entered Level 20 of the Dungeon
 87304 | D:20     | Cast into the Abyss (ogre mage)
 87477 | Abyss    | Found a corrupted altar of Lugonu.
 87609 | Abyss    | Found a corrupted altar of Lugonu.
 87681 | Abyss    | Found a corrupted altar of Lugonu.
 88072 | Abyss    | Received a gift from Nemelex Xobeh
 88165 | Abyss    | Noticed a lich
 88211 | Abyss    | Reached XP level 18. HP: 78/123 MP: 10/40
 88237 | Abyss    | Reached XP level 19. HP: 89/132 MP: 8/40
 88319 | Abyss    | Got an abyssal rune of Zot
 88341 | Abyss    | Noticed a lich
 88378 | Abyss    | Found a corrupted altar of Lugonu.
 88595 | Abyss    | Found a corrupted altar of Lugonu.
 88660 | Abyss    | HP: 6/132 [tormentor/torment (4)]
 88671 | Abyss    | Killed from afar by a tormentor
